 Dungeon Crawl Stone Soup version 0.32-a0-711-g016ad743e0 (webtiles) character file.

Game seed: 17745084945913072082

28879 jasper the Marksspriggan (level 13, -12/68 HPs)
             Began as a Spriggan Hunter on Mar 15, 2024.
             Was a High Priest of Okawaru.
             Mangled by a skeletal warrior
             ... wielding a +0 scimitar
              (25 damage)
             ... on level 12 of the Dungeon on Mar 16, 2024.
             The game lasted 00:22:38 (10855 turns).

jasper the Marksspriggan (Spriggan Hunter)         Turns: 10855, Time: 00:22:38

Health: -12/68     AC:  8    Str:  7    XL:     13   Next: 12%
Magic:  6/6        EV: 32    Int: 15    God:    Okawaru [*****.]
Gold:   939        SH:  0    Dex: 29    Spells: 12/12 levels left

rFire   . . .        G - +0 arbalest (antimagic)
rCold   + + +        (shield currently unavailable)
rNeg    + . .        H - +4 skin of Zhor {*Englaciate rC+++ SInv}
rPois   .            (helmet restricted)
rElec   .            j - +1 cloak
rCorr   .            (gloves unavailable)
SInv    +            (boots unavailable)
Will    ++...        m - amulet of regeneration
Stlth   +++++        E - ring "Noqabe" {*Corrode Int+4 Dex+3 Slay+4}
HPRegen 1.11/turn    K - ring of Cuoruis {rN+ Dex+3 Slay+4}
MPRegen 0.10/turn

%: corrode self (3%)
@: very quick
A: very small, no large weapons, unfitting armour, see invisible, speed 3
a: Renounce Religion, Heroism, Finesse, Duel


You were on level 12 of the Dungeon.
You worshipped Okawaru.
Okawaru was extremely pleased with you.
You visited 2 branches of the dungeon, and saw 13 of its levels.
You also visited: Bailey.

You collected 1023 gold pieces.
You spent 84 gold pieces at shops.

Inventory:

Hand Weapons
 a - a +0 shortbow of freezing
 g - a +3 shortbow of freezing
 h - the +6 dagger of Propriety {protect, Int+3 Stlth+}
   (You found it on level 2 of the Dungeon)

   Int+3:     It affects your intelligence (+3).
   Stlth+:    It makes you more stealthy.
 C - a +0 demon whip of venom
 G - a +0 antimagic arbalest (weapon)
Missiles
 F - 3 darts of dispersal
 I - 2 atropa-tipped darts
Armour
 c - a +0 robe
 j - a +1 cloak (worn)
 l - +0 steam dragon scales
 H - the +4 skin of Zhor (worn) {*Englaciate rC+++ SInv}
   (Okawaru gifted it to you on level 9 of the Dungeon)

   *Englaciate: It radiates cold, occasionally slowing all nearby creatures who
   are not resistant to cold.
   rC+++:     It renders you almost immune to cold.
   SInv:      It lets you see invisible.
Jewellery
 d - a ring of willpower
 m - an amulet of regeneration (around neck)
 t - an amulet of faith
 v - a ring of fire
 D - a +4 ring of slaying
 E - the ring "Noqabe" (left hand) {*Corrode Int+4 Dex+3 Slay+4}
   (You took it off an efreet on level 9 of the Dungeon)

   [ring of slaying]

   Int+4:     It affects your intelligence (+4).
   Dex+3:     It affects your dexterity (+3).
   Slay+4:    It affects your accuracy & damage with ranged weapons and melee
   (+4).
   *Corrode:  It may corrode you when you take damage.
 J - the ring of Veawen {Fly rPois rF+ Dex+7 Stlth-}
   (You took it off a vampire on level 9 of the Dungeon)

   [ring of flight]

   Dex+7:     It affects your dexterity (+7).
   rF+:       It protects you from fire.
   rPois:     It protects you from poison.
   Fly:       It grants you flight.
   Stlth-:    It makes you less stealthy.
 K - the ring of Cuoruis (right hand) {rN+ Dex+3 Slay+4}
   (You found it on level 9 of the Dungeon)

   [ring of positive energy]

   Dex+3:     It affects your dexterity (+3).
   Slay+4:    It affects your accuracy & damage with ranged weapons and melee
   (+4).
   rN+:       It protects you from negative energy.
 L - the ring of the Omega Point {rPois Str+4 Stlth+}
   (You found it on level 9 of the Dungeon)

   [ring of poison resistance]

   Str+4:     It affects your strength (+4).
   rPois:     It protects you from poison.
   Stlth+:    It makes you more stealthy.
 M - a ring of willpower
 N - a ring of protection from fire
Wands
 r - a wand of flame (27)
 B - a wand of acid (11)
 Q - a wand of paralysis (5)
 R - a wand of digging (7)
 S - a wand of warping (2)
Scrolls
 b - 2 scrolls of butterflies
 e - 2 scrolls of immolation
 k - 4 scrolls of teleportation
 y - 5 scrolls of identify
 z - 2 scrolls of fear
 O - a scroll of poison
 P - 4 scrolls of blinking
Potions
 f - 4 potions of brilliance
 i - 2 potions of might
 n - 2 potions of haste
 o - 2 potions of mutation
 p - 2 potions of enlightenment
 q - 2 potions of curing
 s - 2 potions of lignification
 w - 2 potions of cancellation
 A - 2 potions of magic
Miscellaneous
 u - a lightning rod (4/4)
 x - a phantom mirror


   Skills:
 + Level 7.9 Fighting
 * Level 15.8 Ranged Weapons
 + Level 12.1 Dodging
 + Level 10.0 Stealth
 - Level 8.0 Invocations


You had 12 spell levels left.
You didn't know any spells.
Your spell library contained the following spells:

 Spells                   Type           Power      Damage    Failure   Level
 Kiss of Death            Conj/Necr      0%         2d5       26%         1
 Sting                    Conj/Alch      0%         1d3       26%         1
 Mercury Vapours          Alch/Air       0%         N/A       38%         2
 Confusing Touch          Hex            0%         N/A       63%         3
 Dazzling Flash           Conj/Hex       0%         N/A       63%         3
 Swiftness                Air            0%         N/A       63%         3
 Dispel Undead            Necr           0%         3d6       95%         4
 Ignite Poison            Fire/Alch      0%         N/A       95%         4
 Olgreb's Toxic Radiance  Alch           0%         N/A       95%         4
 Vhi's Electric Charge    Tloc/Air       0%         N/A       95%         4
 Arcjolt                  Conj/Air       0%         1d10      100%        5
 Conjure Ball Lightning   Conj/Air       0%         3x3d6     100%        6
 Plasma Beam              Fire/Air       0%         2x1d10    100%        6
 Starburst                Conj/Fire      0%         6d3       100%        6
 Maxwell's Capacitive Co  Air            0%         ∞         100%        8


Dungeon Overview and Level Annotations

Branches:
Dungeon (12/15)            Temple (1/1) D:4            Lair (0/5) D:9
 Bailey (visited)
    Orc: D:9-12

Altars:
Ashenzari
Cheibriados
Dithmenos
Elyvilon
Fedhas
Gozag
Hepliaklqana
Kikubaaqudgha
Makhleb
Nemelex Xobeh
Okawaru
Qazlal
Ru
Sif Muna
Trog
Uskayaw
Vehumet
Wu Jian
Xom
Yredelemnul
Zin
The Shining One

Shops:
D:3 *

Annotations:
D:6 Jeremiah
D:9 3 runed translucent doors


Innate Abilities, Weirdness & Mutations

You are very small and have problems with some larger weapons.
You are too small for most types of armour.
You have supernaturally acute eyesight. (SInv)
You cover ground extremely quickly. (Speed+++)


Message History

Aim: a skeletal warrior, wielding a +0 scimitar (lightly damaged, 76% to hit)
You shoot a bolt.
The bolt barely misses the skeletal warrior.
The skeletal warrior hits you with a +0 scimitar!!
* * * LOW HITPOINT WARNING * * *
You take 19 damage, and have 18/68 hp.
MASSIVE DAMAGE!!
Fire: G) +0 arbalest (antimagic)
Press: ? - help, Q - select action, (/) - cycle Shift-Dir - straight line, f/p - skeletal warrior
Aim: a skeletal warrior, wielding a +0 scimitar (lightly damaged, 76% to hit)
You shoot a bolt.
The bolt hits the skeletal warrior but does no damage.
The skeletal warrior is lightly damaged.
The skeletal warrior hits you with a +0 scimitar!
* * * LOW HITPOINT WARNING * * *
You take 10 damage, and have 8/68 hp.
Fire: G) +0 arbalest (antimagic)
Press: ? - help, Q - select action, (/) - cycle Shift-Dir - straight line, f/p - skeletal warrior
Aim: a skeletal warrior, wielding a +0 scimitar (lightly damaged, 76% to hit)
You shoot a bolt.
The bolt closely misses the skeletal warrior.
The skeletal warrior barely misses you.
Fire: G) +0 arbalest (antimagic)
Press: ? - help, Q - select action, (/) - cycle Shift-Dir - straight line, f/p - skeletal warrior
Aim: a skeletal warrior, wielding a +0 scimitar (lightly damaged, 76% to hit)
You shoot a bolt. The bolt hits the skeletal warrior!
The skeletal warrior is moderately damaged.
The skeletal warrior misses you.
Fire: G) +0 arbalest (antimagic)
Press: ? - help, Q - select action, (/) - cycle Shift-Dir - straight line, f/p - skeletal warrior
Aim: a skeletal warrior, wielding a +0 scimitar (moderately damaged, 76% to hit)
You shoot a bolt. The bolt hits the skeletal warrior!!!
The skeletal warrior is almost destroyed.
The skeletal warrior misses you.
Fire: G) +0 arbalest (antimagic)
Press: ? - help, Q - select action, (/) - cycle Shift-Dir - straight line, f/p - skeletal warrior
Aim: a skeletal warrior, wielding a +0 scimitar (almost destroyed, 76% to hit)
You shoot a bolt. The bolt hits the skeletal warrior!
The skeletal warrior is almost destroyed.
The skeletal warrior hits you with a +0 scimitar!!
You die...

....#...#...)..## #..###.....
....'...+......# #..........
....'...#.....####++###.####.....
....#''##)(...#......##.####.....
#....†....#..##...ß..##..........
#.⌠......##..#..ß...# ######.....
#............# .....# ##....
####...).....###'z'# ##...
##+#'#+#+###.@..## ####
#.........##.....##
#.........''......#
#....⌠....†)......#
#........)##......#
#........)#?.....##
##).).).)##.....##
################


You could see a skeletal warrior.

Vanquished Creatures
  2 great orbs of eyes (D:12)
  2 two-headed ogres
  A centaur warrior (D:9)
  A boulder beetle (D:9)
  Amaemon (D:8)
  3 skeletal warriors (D:12)
  Pikel (D:9)
  A deep elf pyromancer (Bailey)
  An orc knight (Bailey)
  4 cyclopes
  2 ugly things
  A manticore (D:11)
  Joseph (D:9)
  An ice statue (D:11)
  5 gargoyles
  An orange demon (D:8)
  6 unseen horror zombies (D:9)
  2 unseen horrors
  3 kobold demonologists (D:12)
  A komodo dragon (shapeshifter) (D:9)
  A freezing wraith (D:12)
  An efreet (D:9)
  4 trolls
  Grinder (D:3)
  A shadow (D:12)
  4 vampires
  5 wyverns (D:9)
  Sigmund (D:3)
  A wraith (D:10)
  17 yaks
  5 steam dragons
  8 vampire mosquitoes
  3 water moccasins
  A sky beast (D:8)
  An ice beast (D:6)
  10 orc warriors
  5 black bears
  2 ogres (D:5)
  4 centaurs
  3 phantoms
  Blork the orc (D:4)
  7 kobold brigands
  2 bullfrogs
  A gnoll sergeant (D:12)
  3 scorpions
  14 wights
  10 killer bees
  6 howler monkeys
  3 electric eels (D:9)
  2 jellies
  A bombardier beetle (D:3)
  3 centaur zombies (D:9)
  A hound (D:4)
  2 gnoll boudas
  6 orc priests
  A sleepcap (D:5)
  6 iguanas
  Ijyb (D:4)
  10 orc wizards
  11 gnolls
  2 howler monkey zombies (D:9)
  9 adders
  2 ufetubi (D:5)
  5 dart slugs
  A ribbon worm (D:2)
  53 orcs
  4 endoplasms
  4 giant cockroaches
  6 goblins
  8 hobgoblins
  6 jackals
  7 quokkas
  4 ball pythons
  7 bats
  4 frilled lizards
  24 kobolds
  2 rats
357 creatures vanquished.

Vanquished Creatures (others)
  An orc wizard (D:9)
1 creature vanquished.

Grand Total: 358 creatures vanquished

Notes
Turn   | Place    | Note
-------+----------+-------------------------------------------
     0 | D:1      | jasper the Spriggan Hunter began the quest for the Orb.
     0 | D:1      | Reached XP level 1. HP: 10/10 MP: 2/2
   216 | D:1      | Reached XP level 2. HP: 14/14 MP: 3/3
   913 | D:2      | Reached XP level 3. HP: 14/18 MP: 4/4
  1013 | D:2      | Identified the +6 dagger of Propriety {protect, Int+3
                  | Stlth+}
  1328 | D:2      | Reached skill level 5 in Ranged Weapons
  1555 | D:3      | Found Peorghown's General Store.
  1566 | D:3      | Bought a scroll of immolation for 56 gold pieces
  1566 | D:3      | Bought a scroll of identify for 28 gold pieces
  1621 | D:3      | Noticed a centaur
  1633 | D:3      | Killed a centaur
  1634 | D:3      | Reached skill level 6 in Ranged Weapons
  1634 | D:3      | Reached XP level 4. HP: 18/22 MP: 5/5
  1710 | D:3      | Noticed Sigmund
  1713 | D:3      | Killed Sigmund
  1714 | D:3      | Reached skill level 7 in Ranged Weapons
  1714 | D:3      | Reached XP level 5. HP: 25/25 MP: 6/6
  1714 | D:3      | Reached XP level 6. HP: 30/30 MP: 7/7
  2063 | D:3      | Noticed Grinder
  2087 | D:3      | Killed Grinder
  2088 | D:3      | Reached skill level 8 in Ranged Weapons
  2088 | D:3      | Reached XP level 7. HP: 33/33 MP: 8/8
  2176 | D:3      | Found an ancient bone altar of Kikubaaqudgha.
  2203 | D:3      | Found a glowing golden altar of the Shining One.
  2471 | D:4      | Found a staircase to the Ecumenical Temple.
  2481 | Temple   | Entered the Ecumenical Temple
  2490 | Temple   | Became a worshipper of Warmaster Okawaru
  2544 | D:4      | Noticed Ijyb
  2552 | D:4      | Killed Ijyb
  2933 | D:4      | Noticed Blork the orc
  2938 | D:4      | Killed Blork the orc
  2939 | D:4      | Reached skill level 9 in Ranged Weapons
  3054 | D:5      | Entered Level 5 of the Dungeon
  3328 | D:5      | Got the Disquisition on Cloudy Decantation
  3348 | D:5      | Reached * piety under Okawaru
  3349 | D:5      | Reached XP level 8. HP: 36/39 MP: 9/9
  3580 | D:5      | Reached skill level 5 in Dodging
  3901 | D:5      | Reached skill level 10 in Ranged Weapons
  3950 | D:5      | Reached ** piety under Okawaru
  4117 | D:5      | Found a broken altar of Ashenzari.
  4252 | D:6      | Reached XP level 9. HP: 42/45 MP: 10/10
  4281 | D:6      | Noticed Jeremiah
  4523 | D:7      | Reached skill level 11 in Ranged Weapons
  4844 | D:7      | Found a flagged portal.
  4855 | Bailey   | Entered a bailey
  4972 | Bailey   | Noticed an orc knight
  4988 | Bailey   | Killed an orc knight
  4988 | Bailey   | Reached *** piety under Okawaru
  4989 | Bailey   | Reached skill level 5 in Fighting
  5223 | Bailey   | Found a large runed translucent door.
  5223 | Bailey   | Found a large runed translucent door.
  5224 | Bailey   | Noticed a deep elf pyromancer
  5298 | Bailey   | Killed a deep elf pyromancer
  5299 | Bailey   | Reached skill level 12 in Ranged Weapons
  5299 | Bailey   | Reached XP level 10. HP: 50/51 MP: 11/11
  5880 | D:8      | Found a shimmering blue altar of Sif Muna.
  5880 | D:8      | Found a burning altar of Makhleb.
  5880 | D:8      | Found a white marble altar of Elyvilon.
  6166 | D:8      | Identified the +10 war axe of the Abyss {speed, ^Drain rC+
                  | MP+9 Stlth+}
  6168 | D:8      | Found a hazy altar of Hepliaklqana.
  6214 | D:8      | Noticed a two-headed ogre
  6237 | D:8      | Killed a two-headed ogre
  6237 | D:8      | Reached **** piety under Okawaru
  6238 | D:8      | Reached skill level 13 in Ranged Weapons
  6400 | D:8      | Noticed an orange demon
  6401 | D:8      | Noticed Amaemon
  6416 | D:8      | Killed an orange demon
  6724 | D:8      | Killed Amaemon
  6847 | D:9      | Reached ***** piety under Okawaru
  6848 | D:9      | Reached skill level 14 in Ranged Weapons
  6848 | D:9      | Reached skill level 1 in Invocations
  6869 | D:9      | Reached XP level 11. HP: 56/56 MP: 12/14
  6966 | D:9      | Found a runed translucent door.
  6966 | D:9      | Found a runed translucent door.
  6966 | D:9      | Noticed a centaur warrior
  6966 | D:9      | Noticed a skeletal warrior
  6966 | D:9      | Noticed a deep elf pyromancer
  6968 | D:9      | Noticed a boulder beetle
  6968 | D:9      | Noticed a centaur warrior
  6979 | D:9      | Noticed a centaur warrior
  7012 | D:9      | Killed a centaur warrior
  7013 | D:9      | Reached skill level 5 in Invocations
  7025 | D:9      | Identified the ring "Noqabe" {*Corrode Int+4 Dex+3 Slay+4}
  7213 | D:9      | Noticed Joseph
  7220 | D:9      | Killed Joseph
  7277 | D:9      | Found a runed translucent door.
  7373 | D:9      | Received a gift from Okawaru
  7525 | D:9      | Reached ****** piety under Okawaru
  7526 | D:9      | Reached skill level 5 in Stealth
  7526 | D:9      | Acquired a +0 antimagic arbalest
  7526 | D:9      | Received a gift from Okawaru
  7528 | D:9      | Acquired the +4 skin of Zhor {*Englaciate rC+++ SInv}
  7528 | D:9      | Received a gift from Okawaru
  7528 | D:9      | Found the +4 skin of Zhor {*Englaciate rC+++ SInv}
  7622 | D:9      | Found a staircase to the Lair.
  7645 | D:9      | Reached skill level 10 in Dodging
  7659 | D:9      | Received a gift from Okawaru
  7806 | D:9      | Noticed a two-headed ogre
  7810 | D:9      | Killed a two-headed ogre
  7857 | D:9      | Noticed Pikel
  7873 | D:9      | Killed Pikel
  7874 | D:9      | Reached XP level 12. HP: 62/62 MP: 6/19
  7966 | D:9      | Identified the ring of Veawen {Fly rPois rF+ Dex+7 Stlth-}
  8196 | D:9      | Noticed a boulder beetle
  8208 | D:9      | Killed a boulder beetle
  8257 | D:9      | Identified the ring of Cuoruis {rN+ Dex+3 Slay+4}
  8260 | D:9      | Identified the ring of the Omega Point {rPois Str+4 Stlth+}
  8299 | D:9      | Identified the +2 ring mail of Fortification {+Blink rC+
                  | Will+}
  8369 | D:10     | Entered Level 10 of the Dungeon
  8401 | D:10     | Received a gift from Okawaru
  9655 | D:11     | Reached skill level 15 in Ranged Weapons
 10686 | D:12     | Noticed a great orb of eyes
 10688 | D:12     | Received a gift from Okawaru
 10696 | D:12     | Killed a great orb of eyes
 10711 | D:12     | Reached XP level 13. HP: 68/68 MP: 6/20
 10782 | D:12     | Reached skill level 10 in Stealth
 10855 | D:12     | Mangled by a skeletal warrior

Illustrated notes

Levels and vault maps discovered:
D:1:      dpeg_arrival_oval, layout_loops_ring
D:2:      layout_loops_ring, kennysheep_generic_room_14
D:3:      layout_loops_ring, mainiacjoe_overflow_big_doors, serial_shops,
          nicolae_shop_advertising_works [nicolae_subvault_shop_adworks],
          chequers_serial_rivers_micro_a, st_stairs_5, uniq_sigmund,
          uniq_grinder
D:4:      layout_basic, minmay_temple_entry_trees, uniq_ijyb, uniq_blork_the_orc
D:5:      minmay_octagon_keep, layout_loops_ring, nicolae_ashenzari_skybound
D:6:      layout_cave_pools, uniq_jeremiah
D:7:      layout_basic, enter_bailey_3, serial_bayou_crossing
D:8:      layout_gridville, kennysheep_little_box,
          gammafunk_temple_overflow_forgotten, uniq_amaemon
D:9:      minmay_the_grid_triangle_9x9_rhombus_thin_mashed
          [minmay_the_grid_triangle_9x9_flanged_cone,
          minmay_the_grid_triangle_9x9_prize_special,
          minmay_the_grid_triangle_9x9_skeleton,
          minmay_the_grid_triangle_9x9_fully_insulated_deathbox],
          layout_loops_ring, minmay_lair_entry_grove, serial_undead,
          serial_undead_a, serial_undead_e, serial_undead_a, serial_undead_e,
          serial_undead_a, serial_bayou_lagoon_b, uniq_joseph, uniq_pikel
D:10:     layout_irregular_city, minmay_fountain_box
D:11:     lemuel_ice_statue, layout_layer_cave, st_stairs_1
D:12:     regret_index_all_hallows'_manor, layout_rooms, hiddenorc1_lemuel,
          okawaru_gym_becter
Temple:   nicolae_temple_bog_church

Skill      XL: |  1  2  3  4  5  6  7  8  9 10 11 12 13 |
---------------+----------------------------------------+-----
Stealth        | 3 6 9 10 | 10.0
Ranged Weapons | 6 7 8 9 10 12 14 15 | 15.8
Dodging        | 4 6 8 9 10 12 | 12.1
Fighting       | 2 4 5 6 7 |  7.9
Invocations    | 3 8 |  8.0

Action                     |  1- 3 |  4- 6 |  7- 9 | 10-12 | 13-15 || total
---------------------------+-------+-------+-------+-------+-------++-------
   Fire: Shortbow          |    89 |    39 |   418 |   334 |       ||   880
         Arbalest          |       |       |       |   336 |    38 ||   374
 Invoke: Heroism           |       |       |     4 |     7 |       ||    11
         Finesse           |       |       |       |     1 |     1 ||     2
         Receive Weapon    |       |       |       |     1 |       ||     1
         Receive Armour    |       |       |       |     1 |       ||     1
    Use: Scroll            |     4 |     1 |    13 |     4 |       ||    22
         Potion            |       |       |     1 |     2 |       ||     3
 Armour: Robe              |    16 |     1 |    28 |       |       ||    45
         Steam dragon scal |       |       |    19 |    45 |       ||    64
         Animal skin       |       |       |       |    39 |     9 ||    48
  Dodge: Dodged            |    38 |     8 |   114 |   378 |    32 ||   570

Table legend: (Time is in decaauts)
 A = Elapsed time spent in this place.
 B = Non-inter-level travel time spent in this place.
 C = Inter-level travel time spent in this place.
 D = Time resting spent in this place.
 E = Time spent auto-exploring this place.
 F = Levels seen in this place.
 G = Mean time per level.
                   A        B        C        D        E       F      G
               +--------+--------+--------+--------+--------+-----+--------+
         Total |   7854 |   7691 |    163 |    584 |   5293 |  14 |  561.0 |
       Dungeon |   7452 |   7293 |    159 |    575 |   5052 |  12 |  621.0 |
        Temple |     12 |      8 |      4 |      0 |      0 |   1 |   12.0 |
        Bailey |    389 |    389 |      0 |      9 |    240 |   1 |  389.0 |
               +--------+--------+--------+--------+--------+-----+--------+

Top non-repeatable levels by time:
     D:9: 1226 daAuts
     D:5: 872 daAuts
    D:11: 762 daAuts
     D:7: 744 daAuts
     D:8: 725 daAuts
     D:1: 530 daAuts
     D:3: 521 daAuts
     D:2: 515 daAuts
     D:4: 509 daAuts
    D:12: 502 daAuts
    D:10: 464 daAuts
  Bailey: 389 daAuts
     D:6: 76 daAuts
  Temple: 12 daAuts
